 Dungeon Crawl Stone Soup version 0.24.0-123-gd5b16e6ec5 (webtiles) character file.

Game seed: 2782633881014352844, levelgen mode: deterministic

583 Bergy the Basher (level 7, -1/41 HPs)
             Began as a Gargoyle Fighter on Dec 22, 2019.
             Was an Initiate of Makhleb.
             Slain by a gnoll
             ... wielding a cursed -3 spear
              (2 damage)
             ... on level 4 of the Dungeon.
             The game lasted 00:10:21 (3676 turns).

Bergy the Basher (Gargoyle Fighter)                 Turns: 3676, Time: 00:10:22

Health: -1/41      AC: 11    Str: 26    XL:     7   Next: 37%
Magic:  7/7        EV: 12    Int:  9    God:    Makhleb [......]
Gold:   167        SH: 10    Dex: 14    Spells: 6/6 levels left

rFire    . . .     SeeInvis .   a - +0 flail
rCold    . . .     Gourm    .   c - +0 shield
rNeg     + . .     Faith    .   b - +0 scale mail
rPois    ∞         Spirit   .   (no helmet)
rElec    +         Reflect  .   (no cloak)
rCorr    .         Harm     .   (no gloves)
MR       .....                  (no boots)
Stlth    +.........             (no amulet)
HPRegen  0.13/turn              (no ring)
MPRegen  0.10/turn              (no ring)

@: mighty, agile
A: negative energy resistance 1, electricity resistance, unbreathing,
petrification resistance, rot immunity, AC +4
a: Renounce Religion


You were on level 4 of the Dungeon.
You worshipped Makhleb.
Makhleb was noncommittal.
You were hungry.

You visited 2 branches of the dungeon, and saw 5 of its levels.

You collected 167 gold pieces.

Inventory:

Hand Weapons
 a - a +0 flail (weapon)
Armour
 b - a +0 scale mail (worn)
 c - a +0 shield (worn)
 h - a +0 helmet
 o - a +0 helmet of see invisible
Jewellery
 m - a cursed ring of attention {unknown}
 q - an uncursed ring of protection from magic {unknown}
 w - a cursed ring of teleportation {unknown}
Scrolls
 e - a scroll of enchant weapon {unknown}
 l - a scroll of teleportation {unknown}
 n - a scroll of amnesia {unknown}
 r - a scroll of random uselessness {unknown}
 s - a scroll of immolation {unknown}
 t - a scroll of identify {unknown}
Potions
 d - a potion of might
 g - 3 potions of heal wounds {unknown}
 i - 2 potions of agility
 j - a potion of cancellation {unknown}
 k - a potion of brilliance {unknown}
 p - a potion of degeneration {unknown}
 v - a potion of haste {unknown}
Comestibles
 f - 4 rations


   Skills:
 - Level 3.2 Fighting
 * Level 8.0 Maces & Flails
 - Level 3.2 Armour
 - Level 3.2 Shields


You had 6 spell levels left.
You didn't know any spells.
Your spell library was empty.

Dungeon Overview and Level Annotations

Branches:
Dungeon (4/15)             Temple (1/1) D:4

Altars:
Cheibriados
Dithmenos
Elyvilon
Gozag
Hepliaklqana
Kikubaaqudgha
Makhleb
Nemelex Xobeh
Okawaru
Qazlal
Ru
Trog
Uskayaw
Vehumet
Wu Jian
Xom
Yredelemnul
The Shining One


Innate Abilities, Weirdness & Mutations

You are resistant to torment.
Your stone body is resilient. (AC +4)
You are immune to poison.
You resist negative energy. (rN+)
You are resistant to electric shocks. (rElec)
You can survive without breathing.
You are immune to petrification.
You are immune to rotting.


Message History

The gnoll hits you from afar with a cursed -3 spear.
You block the gnoll sergeant's attack.
You closely miss the gnoll sergeant. The gnoll misses you.
The gnoll barely misses you. You block the gnoll sergeant's attack.
You thump the gnoll sergeant!
The gnoll sergeant is severely wounded.
You block the gnoll's attack.
The gnoll hits you from afar with a +0 halberd!
* * * LOW HITPOINT WARNING * * *
The gnoll sergeant hits you with a +0 trident!
* * * LOW HITPOINT WARNING * * *
It was a potion of curing.
You feel better. You block the gnoll's attack.
The gnoll hits you from afar with a +0 halberd!
* * * LOW HITPOINT WARNING * * *
You bludgeon the gnoll sergeant!!
You kill the gnoll sergeant!
Makhleb accepts your kill.
Your Maces & Flails skill increases to level 8!
The gnoll hits you from afar with a cursed -3 spear.
You die...

## ##########
.########≈≈≈≈≈≈≈≈≈#
.........≈# #≈#
#########≈#### ##≈#
...# ≈≈#..g#≈≈##
##.# ≈≈#..g)@..#
#.# #≈≈#...#≈≈.#
#.# #≈#### ##≈.#
#.# #≈##≈≈≈##≈.#
##.### ≈≈≈≈≈≈≈≈≈.#
<....# #.#####..#
##.#.# #.......##
...#.# #.#######
####.# #.#


You could see 2 gnolls.

Vanquished Creatures
  A phantom (D:4)
  A gnoll sergeant (D:4)
  A scorpion (D:4)
  A hound (D:3)
  An orc priest (D:3)
  A centaur skeleton (D:4)
  Jessica (D:3)
  An orc wizard (D:4)
  10 adders
  2 gnolls (D:4)
  An adder skeleton (D:4)
  5 worms
  5 leopard geckos
  14 orcs
  A ball python (D:2)
  10 bats
  8 giant cockroaches
  2 goblins
  11 hobgoblins
  7 frilled lizards
  9 kobolds
  A quokka skeleton (D:4)
  23 rats
117 creatures vanquished.

Notes
Turn   | Place    | Note
-------+----------+-------------------------------------------
     0 | D:1      | Bergy the Gargoyle Fighter began the quest for the Orb.
     0 | D:1      | Reached XP level 1. HP: 14/14 MP: 1/1
    31 | D:1      | Reached XP level 2. HP: 16/19 MP: 2/2
   122 | D:1      | Reached skill level 3 in Maces & Flails
   411 | D:1      | Reached XP level 3. HP: 18/23 MP: 3/3
   773 | D:2      | Found a white marble altar of Elyvilon.
  1113 | D:2      | Reached skill level 4 in Maces & Flails
  1365 | D:2      | Reached XP level 4. HP: 28/28 MP: 4/4
  1926 | D:3      | Reached skill level 5 in Maces & Flails
  1926 | D:3      | Reached XP level 5. HP: 27/32 MP: 5/5
  2303 | D:3      | Noticed Jessica
  2306 | D:3      | Killed Jessica
  2306 | D:3      | Reached skill level 6 in Maces & Flails
  2355 | D:3      | Reached XP level 6. HP: 37/37 MP: 6/6
  2854 | D:4      | Found a staircase to the Ecumenical Temple.
  2861 | Temple   | Entered the Ecumenical Temple
  3093 | Temple   | Became a worshipper of Makhleb the Destroyer
  3255 | D:4      | Noticed a phantom
  3279 | D:4      | Killed a phantom
  3279 | D:4      | Reached skill level 7 in Maces & Flails
  3378 | D:4      | Reached XP level 7. HP: 40/41 MP: 7/7
  3674 | D:4      | HP: 2/41 [gnoll sergeant/+0 trident (7)]
  3676 | D:4      | Reached skill level 8 in Maces & Flails
  3676 | D:4      | Slain by a gnoll

Levels and vault maps discovered:
D:1:      erik_arrival_orb_chamber, layout_basic, hex_large, minivault_27,
          minmay_domino_2
D:2:      layout_rooms, first_ration, elyvilon_altar_1
D:3:      kennysheep_six_static_rooms, layout_loops_corners, uniq_jessica
D:4:      kennysheep_goblin_castle, layout_loops_ring, temple_statues,
          lightli_minifort
Temple:   eino_narrow_crystal_temple

Skill      XL: |  1  2  3  4  5  6  7 |
---------------+----------------------+-----
Maces & Flails | 3 4 5 6 7 8 |  8.0
Fighting       | |  3.2
Armour         | |  3.2
Shields        | |  3.2

Action                   |  1- 3 |  4- 6 |  7- 9 || total
-------------------------+-------+-------+-------++-------
Melee: Flail             |   200 |   259 |    42 ||   501
  Use: Potion            |       |       |     3 ||     3
  Eat: Chunk             |     1 |     5 |       ||     6
       Ration            |       |     1 |       ||     1
Armor: Scale mail        |   137 |   122 |    20 ||   279
Dodge: Dodged            |    69 |    69 |    15 ||   153
Block: Shield            |   135 |   119 |    23 ||   277
